 Dungeon Crawl Stone Soup version 0.31-a0-819-gf6de2f5ab6 (webtiles) character file.

Game seed: 328510302528634085

63 Bravepunisher the Ducker (level 3, -1/20 HPs)
             Began as a Spriggan Monk on Sept 23, 2023.
             Slain by an ufetubus (3 damage)
             ... on level 6 of the Dungeon.
             The game lasted 00:02:06 (564 turns).

Bravepunisher the Ducker (Spriggan Monk)             Turns: 564, Time: 00:02:06

Health: -1/20      AC:  2    Str:  7    XL:     3   Next: 87%
Magic:  4/4        EV: 20    Int: 11    God:
Gold:   28         SH:  0    Dex: 19    Spells: 2/2 levels left

rFire   . . .        a - +0 short sword
rCold   . . .        d - orb {light}
rNeg    . . .        b - +0 robe
rPois   .            (helmet restricted)
rElec   .            (no cloak)
rCorr   .            (gloves unavailable)
SInv    +            (boots unavailable)
Will    .....        (no amulet)
Stlth   +            (no ring)
HPRegen 0.23/turn    (no ring)
MPRegen 0.09/turn

%: no passive effects
@: glowing, very quick
A: very small, no large weapons, unfitting armour, see invisible, speed 3
a: no special abilities


You were on level 6 of the Dungeon.
You visited 1 branch of the dungeon, and saw 7 of its levels.

You collected 28 gold pieces.

Inventory:

Hand Weapons
 a - a +0 short sword (weapon)
Armour
 b - a +0 robe (worn)
 d - an orb of light (worn)
Scrolls
 f - a scroll of fog {unknown}
Potions
 c - a potion of ambrosia
 e - a potion of heal wounds {unknown}


   Skills:
 * Level 3.5 Fighting
 - Level 3.2 Short Blades
 + Level 4.9 Dodging


You had 2 spell levels left.
You didn't know any spells.
Your spell library contained the following spells:

 Spells                   Type           Power      Damage    Failure   Level
 Ozocubu's Armour         Ice            0%         N/A       71%         3
 Metabolic Englaciation   Hex/Ice        0%         N/A       100%        5
 Simulacrum               Ice/Necr       0%         N/A       100%        6


Dungeon Overview and Level Annotations

Branches:
Dungeon (7/15)
 Temple: D:4-7

Altars:
Ashenzari
Xom

Annotations:
D:6 Grinder


Innate Abilities, Weirdness & Mutations

You are very small and have problems with some larger weapons.
You are too small for most types of armour.
You have supernaturally acute eyesight. (SInv)
You cover ground extremely quickly. (Speed+++)


Message History

The orc shouts!
The orc warrior shouts!
The orc wizard shouts!
The orc shouts!
There is a stone staircase leading up here.
You climb upwards.
There is a stone staircase leading down here.
A gnoll comes into view. It is wielding a +0 whip.
The gnoll shouts!
Found a stone staircase leading up.
Grinder comes into view.
Grinder shouts!
You hear a bark!
An ufetubus comes into view.
Grinder moves out of view.
A hound comes into view.
Found an amethyst potion.
The ufetubus shouts!
The hound barks!
You hear a loud, deep croak!
A shadow imp comes into view.
The shadow imp shouts!
A bullfrog comes into view.
Found a club and a lajatang.
The bullfrog gives a loud, deep croak!
A water moccasin comes into view.
Grinder blinks!
An adder comes into view.
The adder hisses angrily.
The water moccasin hisses angrily.
The ufetubus attacks as it pursues you! The ufetubus barely misses you.
The ufetubus closely misses you. The bullfrog closely misses you.
The bullfrog attacks as it pursues you! The bullfrog barely misses you.
The shadow imp gestures at you. Pain shoots through your body!
Ouch! That really hurt!
Grinder hits you!
* * * LOW HITPOINT WARNING * * *
The bullfrog swells and bulges.
The ufetubus attacks as it pursues you! The ufetubus misses you.
The ufetubus barely misses you.
Found 14 gold pieces.
Grinder attacks as she pursues you! Grinder barely misses you.
The ufetubus attacks as it pursues you! The ufetubus closely misses you. x2
The bullfrog barely misses you. The ufetubus attacks as it pursues you!
The ufetubus closely misses you. The ufetubus hits you.
You die...

..# #.####.##..... ..#
#####..!..........
..###...........##...#
.......)........##...##
...........<..5...S....
#####...........##.#.#
#..........5.# #
#.........hF5#
##########....)S@#
....... ...............#
##########.#........#.##
#.#######..# # ..# ..#
.$ .#.


You could see Grinder, a water moccasin, a bullfrog, a hound, a shadow imp and
an ufetubus.

Vanquished Creatures
  A hound (D:4)
  An adder (D:4)
  2 dart slugs
  An orc (D:4)
  An endoplasm (D:1)
  A giant cockroach (D:2)
  4 kobolds
  2 quokkas
  A ball python (D:1)
  4 bats
  A frilled lizard (D:1)
  2 rats (D:1)
21 creatures vanquished.

Notes
Turn   | Place    | Note
-------+----------+-------------------------------------------
     0 | D:1      | Bravepunisher the Spriggan Monk began the quest for the
                  | Orb.
     0 | D:1      | Reached XP level 1. HP: 11/11 MP: 2/2
    87 | D:1      | Reached XP level 2. HP: 13/16 MP: 3/3
   257 | D:4      | Found a shimmering altar of Xom.
   258 | D:4      | Found a shimmering altar of Xom.
   260 | D:4      | Found a shimmering altar of Xom.
   260 | D:4      | Found a shimmering altar of Xom.
   260 | D:4      | Found a shimmering altar of Xom.
   260 | D:4      | Found a shimmering altar of Xom.
   260 | D:4      | Found a shimmering altar of Xom.
   286 | D:4      | Found a broken altar of Ashenzari.
   375 | D:4      | Reached XP level 3. HP: 7/20 MP: 4/4
   377 | D:5      | Entered Level 5 of the Dungeon
   494 | D:4      | You fall into a shaft and drop 2 floors!
   506 | D:7      | Noticed an orc warrior
   553 | D:6      | Noticed Grinder
   555 | D:6      | Noticed a bullfrog
   555 | D:6      | Noticed a water moccasin
   564 | D:6      | Slain by an ufetubus

Illustrated notes

Levels and vault maps discovered:
D:1:      lightli_arrival_statuegarden, layout_loops_ring, serial_shops,
          nicolae_shop_behind_doors, shapermc_ecumenical_altar_petra,
          minmay_3d_cube
D:2:      cheibrodos_old_hovel, layout_loops_ring, uniq_jessica
D:3:      layout_basic, serial_shops, shop, nicolae_shop_trees, shop, shop, shop
D:4:      layout_loops_corners, xom_redecorated, nicolae_ashenzari_panopticon,
          kennysheep_big_empty_room, uniq_pikel, uniq_robin
D:5:      layout_loops_ring, nicolae_elevator_lobby_asterisk, uniq_ijyb
D:6:      layout_basic, grunt_temple_overflow_cloverleaf, minitemple,
          minmay_temple_entry_glassed_door, uniq_crazy_yiuf_cottage,
          uniq_grinder, uniq_menkaure
D:7:      layout_loops_ring, pdpol_wu_jian_five_deadly_venoms, enter_bailey_6,
          kb_lookout_dungeons_type, kennysheep_cross_room

Skill      XL: |  1  2 |
---------------+-------+-----
Fighting       | 3 |  3.5
Short Blades   | |  3.2
Dodging        | |  4.9

Action                     || total
---------------------------++-------
  Melee: Short sword       ||    91
   Stab: Sleeping          ||     1
 Armour: Robe              ||    31
  Dodge: Dodged            ||    86

Table legend: (Time is in decaauts)
 A = Elapsed time spent in this place.
 B = Non-inter-level travel time spent in this place.
 C = Inter-level travel time spent in this place.
 D = Time resting spent in this place.
 E = Time spent auto-exploring this place.
 F = Levels seen in this place.
 G = Mean time per level.
                   A        B        C        D        E       F      G
               +--------+--------+--------+--------+--------+-----+--------+
         Total |    409 |    409 |      0 |      0 |    229 |   7 |   58.4 |
       Dungeon |    409 |    409 |      0 |      0 |    229 |   7 |   58.4 |
               +--------+--------+--------+--------+--------+-----+--------+

Top non-repeatable levels by time:
     D:4: 200 daAuts
     D:1: 114 daAuts
     D:2: 43 daAuts
     D:6: 42 daAuts
     D:3: 5 daAuts
     D:7: 1 daAuts
     D:5: 1 daAuts
